AoeStats
← ZealoT

Arabia

510199670Analyzed
1v1 RM · 4d ago on Sep 29, 2026· 27m 59s· 2 players
Game mode
Random Map
Map size
Tiny (2 player)
Population
200
Speed
Normal
Resources
Standard
Victory
Conquest
Starting age
Dark Age
Ending age
Imperial Age
RankedLock teamsTeams togetherTeam positionsShared explorationLock speedFull tech treeHidden civsTurbo modeCheats
Victory
Defeat
🇬🇹 Georgians · Guatemala
1907
+11
🇺🇸 Japanese · United States
1783
-11
ZealoT
6:31 Loom
8:48 Feudal Age
10:13 Double-Bit Axe
12:33 Fletching
20:16 Castle Age
18:19 Horse Collar
19:20 Padded Archer Armor
20:14 Gold Mining
20:18 Crossbowman
21:13 Bodkin Arrow
22:28 Bow Saw
26:37 Town Watch
BB3097790
6:21 Loom
9:04 Feudal Age
9:04 Man-at-Arms
13:05 Fletching
17:14 Double-Bit Axe
21:41 Castle Age
19:59 Gold Mining
21:43 Crossbowman
22:19 Bodkin Arrow
28:04 Wheelbarrow
27:15 Town Watch
Connection lost

Rejoining the realm…

Still unreachable

The connection could not be restored.

Session expired

The server has moved on; the page needs a fresh start.